 Dungeon Crawl Stone Soup version 0.28-a0-1435-g82390b3a13 (webtiles) character file.

Game seed: 8415515697733683654

31 hashsling the Sneak (level 3, 0/23 HPs)
             Began as a Kobold Delver on Jan 9, 2022.
             Was an Initiate of Dithmenos.
             Slain by a hobgoblin (3 damage)
             ... on level 2 of the Dungeon.
             The game lasted 00:06:22 (416 turns).

hashsling the Sneak (Kobold Delver)                  Turns: 416, Time: 00:06:23

Health: 0/23       AC:  3    Str:  9    XL:     3   Next: 40%
Magic:  3/3        EV: 15    Int: 17    God:    Dithmenos [......]
Gold:   19         SH:  0    Dex: 18    Spells: 2/2 levels left

rFire   . . .      SeeInvis .   a - +0 short sword
rCold   . . .      Faith    .   (no shield)
rNeg    . . .      Spirit   .   b - +0 leather armour
rPois   .          Reflect  .   (no helmet)
rElec   .          Harm     .   (no cloak)
rCorr   .          Rampage  .   (no gloves)
Will    .....                   (no boots)
Stlth   ++++......              (no amulet)
HPRegen 0.07/turn               i - +6 ring of intelligence
MPRegen 0.08/turn               (no ring)

@: no status effects
A: small, no large weapons, nightstalker 3
a: Renounce Religion


You were on level 2 of the Dungeon.
You worshipped Dithmenos.
Dithmenos was noncommittal.
You visited 2 branches of the dungeon, and saw 5 of its levels.

You collected 19 gold pieces.

Inventory:

Hand Weapons
 a - a +0 short sword (weapon)
Armour
 b - a +0 leather armour (worn)
Jewellery
 i - a +6 ring of intelligence (left hand)
Wands
 g - a wand of digging (3)
Scrolls
 c - 3 scrolls of fog
 d - a scroll of magic mapping
Potions
 e - a potion of might {unknown}
 f - a potion of haste
 h - a potion of attraction {unknown}
 j - a potion of degeneration {unknown}


   Skills:
 + Level 3.6 Fighting
 + Level 3.3 Short Blades
 + Level 3.0 Dodging
 + Level 6.9 Stealth


You had 2 spell levels left.
You didn't know any spells.
Your spell library contained the following spells:

 Spells                   Type           Power      Damage    Failure   Level
 Ozocubu's Armour         Ice            0%         N/A       69%         3
 Ozocubu's Refrigeration  Ice            0%         4d5       100%        7


Dungeon Overview and Level Annotations

Branches:
Dungeon (5/15)             Temple (1/1) D:4

Altars:
Cheibriados
Dithmenos
Hepliaklqana
Sif Muna
Uskayaw
Xom

Annotations:
D:3 Grinder
D:4 Blork the orc


Innate Abilities, Weirdness & Mutations

You are small and have problems with some larger weapons.
You are completely attuned to the shadows.


Message History

You hit the adder.
The adder is almost dead.
You feel very sick. The adder bites you but does no damage.
You hit the adder.
You kill the adder!
Dithmenos accepts your kill.
You feel sick.
Your Dodging skill increases to level 3!
You feel sick.
You feel sick.
You hit the hobgoblin but do no damage. The hobgoblin misses you.
You hit the hobgoblin.
The hobgoblin is lightly wounded.
You feel sick. The hobgoblin barely misses you.
You hit the hobgoblin but do no damage.
The hobgoblin is lightly wounded.
You feel sick.
You hit the hobgoblin.
The hobgoblin is moderately wounded.
You feel sick. The hobgoblin closely misses you.
You hit the hobgoblin but do no damage.
The hobgoblin is moderately wounded.
You feel sick.
You are no longer poisoned.
The hobgoblin barely misses you.
You hit the hobgoblin but do no damage.
The hobgoblin is moderately wounded.
The hobgoblin hits you but does no damage.
You hit the hobgoblin but do no damage.
The hobgoblin is moderately wounded.
The hobgoblin closely misses you.
You hit the hobgoblin but do no damage.
The hobgoblin is moderately wounded.
The hobgoblin hits you.
* * * LOW HITPOINT WARNING * * *
You hit the hobgoblin.
The hobgoblin is heavily wounded.
The hobgoblin hits you.
You die...

....#...#.
##....#.#...
.......#...# ..
#........... ...
##....)......
...###.....#.....
....†...#†##.>.##
.......##.##..g#
.......##.##..@#
....##..#.##....#
......#.#.#.....#
.#..#............
.................?
##.....#...
#........#
......)...
.........#


You could see a hobgoblin.

Vanquished Creatures
  2 adders
  An orc (D:4)
  A ball python (D:2)
  2 giant cockroaches
  A goblin (D:2)
  A hobgoblin (D:3)
  2 bats (D:2)
  3 kobolds (D:4)
13 creatures vanquished.

Notes
Turn   | Place    | Note
-------+----------+-------------------------------------------
     0 | D:5      | hashsling the Kobold Delver began the quest for the Orb.
     0 | D:5      | Reached XP level 1. HP: 14/14 MP: 1/1
     2 | D:5      | Found a hide-covered altar of Uskayaw.
    33 | D:4      | Found a staircase to the Ecumenical Temple.
    44 | Temple   | Entered the Ecumenical Temple
    60 | Temple   | Became a worshipper of Dithmenos the Shadowed
    79 | D:4      | Reached XP level 2. HP: 19/19 MP: 2/2
   104 | D:4      | Noticed Blork the orc
   111 | D:4      | Noticed a scorpion
   160 | D:4      | Noticed a black bear
   261 | D:3      | Noticed Grinder
   351 | D:2      | Reached XP level 3. HP: 22/23 MP: 3/3
   416 | D:2      | Slain by a hobgoblin

Illustrated notes

Levels and vault maps discovered:
D:2:      layout_rooms, serial_shops, nicolae_diamond_shop, minmay_tetromino_l4
D:3:      layout_basic, mainiacjoe_overflow_alcove_3, uniq_sigmund,
          uniq_grinder, uniq_jessica
D:4:      layout_loops_cross, minmay_temple_entry_ruins, minmay_crystal_room,
          kennysheep_diamond, uniq_blork_the_orc
D:5:      layout_rooms, lemuel_round_altar,
          nicolae_uskayaw_murder_on_the_dancefloor,
          minmay_a_box_with_orc_wizards_in_it
Temple:   chequers_temple_sunken

Skill      XL: |  1  2  3 |
---------------+----------+-----
Short Blades   | 3 |  3.3
Dodging        | 3 |  3.0
Fighting       | |  3.6
Stealth        | |  6.9

Action                   || total
-------------------------++-------
Melee: Short sword       ||    45
       Punch             ||     1
  Use: Scroll            ||     1
 Stab: Sleeping          ||     9
Armor: Leather armour    ||    13
Dodge: Dodged            ||    29

Table legend: (Time is in decaauts)
 A = Elapsed time spent in this place.
 B = Non-inter-level travel time spent in this place.
 C = Inter-level travel time spent in this place.
 D = Time resting spent in this place.
 E = Time spent auto-exploring this place.
 F = Levels seen in this place.
 G = Mean time per level.
                   A        B        C        D        E       F      G
               +--------+--------+--------+--------+--------+-----+--------+
         Total |    414 |    414 |      0 |      0 |     68 |   5 |   82.8 |
       Dungeon |    385 |    385 |      0 |      0 |     59 |   4 |   96.2 |
        Temple |     29 |     29 |      0 |      0 |      9 |   1 |   29.0 |
               +--------+--------+--------+--------+--------+-----+--------+

Top non-repeatable levels by time:
     D:4: 210 daAuts
     D:2: 117 daAuts
     D:3: 39 daAuts
  Temple: 29 daAuts
     D:5: 18 daAuts
